 Dungeon Crawl Stone Soup version 0.20.0-1-g1cb1d84 (webtiles) character file.

63 Copingsaw the Ruffian (level 4, -2/40 HPs)
             Began as a Ghoul Monk on May 26, 2017.
             Slain by an orc priest
             ... wielding a +0 short sword
              (4 damage)
             ... on level 3 of the Dungeon.
             The game lasted 00:07:37 (1517 turns).

Copingsaw the Ruffian (Ghoul Monk)                  Turns: 1517, Time: 00:07:37

Health: -2/40      AC:  3    Str: 15    XL:     4   Next: 9%
Magic:  3/3        EV: 13    Int:  5    God:
Gold:   105        SH:  0    Dex: 11    Spells: 3/3 levels left

rFire    . . .     SeeInvis .     - Unarmed
rCold    + . .     Gourm    .   (no shield)
rNeg     + + +     Faith    .   a - +0 robe
rPois    ∞         Spirit   .   o - +0 helmet
rElec    .         Reflect  .   (no cloak)
rCorr    .         Harm     .   (no gloves)
MR       .....                  (no boots)
Stlth    ++........             (no amulet)
Regen    0.0/turn               (no ring)
MPRegen  0.1/turn               (no ring)

@: rotting
A: rotting body, claws 1, carnivore 3, cold resistance 1, negative energy
resistance 3, inhibited regeneration, torment resistance, unbreathing
a: no special abilities


You were on level 3 of the Dungeon.
You were not hungry.

You visited 1 branch of the dungeon, and saw 3 of its levels.

You collected 105 gold pieces.

Inventory:

Armour
 a - a +0 robe (worn)
 o - a +0 helmet (worn)
Jewellery
 d - an uncursed ring of protection from fire {unknown}
Scrolls
 g - 4 scrolls of identify {unknown}
 h - a scroll of blinking {unknown}
 i - 3 scrolls of remove curse {unknown}
 k - a scroll of immolation {unknown}
 p - 2 scrolls of teleportation {unknown}
Potions
 c - 3 potions of flight {unknown}
 e - a potion of mutation {unknown}
 f - 2 potions of curing {unknown}
 j - 2 potions of invisibility {unknown}
 l - 2 potions of resistance {unknown}
 m - 3 potions of heal wounds {unknown}
Comestibles
 b - 3 meat rations
 n - 5 chunks of flesh
 q - a royal jelly


   Skills:
 + Level 3.7 Fighting
 - Level 2.9 Dodging
 + Level 3.1 Stealth
 + Level 4.2 Unarmed Combat


You had 3 spell levels left.
You didn't know any spells.

Dungeon Overview and Level Annotations

Branches:
Dungeon (3/15)

Altars:
Ashenzari
Dithmenos
Elyvilon
Gozag
Qazlal
Trog


Innate Abilities, Weirdness & Mutations

Your body is rotting away.
You thrive on raw meat.
You are immune to poison.
You have sharp fingernails.
You are carnivorous and can eat meat at any time.
Your flesh is cold resistant. (rC+)
You are immune to negative energy. (rN+++)
You do not regenerate when monsters are visible.
You are immune to unholy pain and torment.
You can survive without breathing.


Message History

The orc hits you.
The orc priest mumbles some strange prayers to Beogh against you.
Beogh smites you!
You scratch the orc.
You kill the orc!
You closely miss the orc priest. The orc priest misses you.
You closely miss the orc priest.
The orc priest hits you with a short sword.
* * * LOW HITPOINT WARNING * * *
You barely miss the orc priest.
The orc priest hits you with a short sword.
* * * LOW HITPOINT WARNING * * *
You barely miss the orc priest. You barely miss the orc priest.
The orc priest hits you with a short sword!
* * * LOW HITPOINT WARNING * * *
You claw the orc priest!
The orc priest is heavily wounded.
The orc priest hits you with a short sword.
You die...

#.. #.#.##.# ####..
##.#..#.# h.... .....#.#
#####h..######.#..#.# #
........##.....#..#.#.#
....$...##.###......#.#
........##.....#......#
#..##.....###..###
#.wo@.........>#
......###.#.######.#####
......#...#.# #......#
...........#.# #..###.#
############.# #..# #.#
..#####..# #.##
##.......# #...
#.......# ####
#.......######


You could see a worm and an orc priest.

Vanquished Creatures
  An adder (D:2)
  An ooze (D:1)
  A worm (D:3)
  A dart slug (D:2)
  4 orcs (D:3)
  3 goblins
  5 hobgoblins
  4 jackals (D:3)
  2 quokkas (D:2)
  2 ball pythons
  3 bats
  A frilled lizard (D:2)
  3 kobolds
  9 rats
40 creatures vanquished.

Notes
Turn   | Place    | Note
-------+----------+-------------------------------------------
     0 | D:1      | Copingsaw the Ghoul Monk began the quest for the Orb.
     0 | D:1      | Reached XP level 1. HP: 19/19 MP: 0/0
   217 | D:1      | You fall through a shaft!
   219 | D:2      | Found a white marble altar of Elyvilon.
   263 | D:2      | Found a shattered altar of Ashenzari.
   266 | D:2      | Found a stormy altar of Qazlal.
   267 | D:2      | Found a bloodstained altar of Trog.
   391 | D:1      | Reached XP level 2. HP: 24/24 MP: 1/1
   826 | D:2      | Reached XP level 3. HP: 29/33 MP: 2/2
   859 | D:2      | Found a shadowy altar of Dithmenos.
  1069 | D:2      | Found an opulent altar of Gozag.
  1426 | D:3      | Reached skill level 4 in Unarmed Combat
  1500 | D:3      | Reached XP level 4. HP: 30/40 MP: 3/3
  1516 | D:3      | HP: 2/40 [orc priest/short sword (7)]
  1517 | D:3      | Slain by an orc priest

Skill      XL: |  1  2  3 |
---------------+----------+-----
Stealth        | 3 |  3.1
Unarmed Combat | 4 |  4.2
Fighting       | |  3.7
Dodging        | |  2.9

Action                   |  1- 3 |  4- 6 || total
-------------------------+-------+-------++-------
Melee: Unarmed           |    90 |    17 ||   107
       Punch             |     2 |     1 ||     3
 Stab: Sleeping          |     7 |       ||     7
  Eat: Chunk             |     8 |       ||     8
Armor: Robe              |     9 |       ||     9
Dodge: Dodged            |    43 |     3 ||    46
